 Dungeon Crawl Stone Soup version 0.32-a0-135-g14f8b2e1af (webtiles) character file.

Game seed: 9060657166817641850

10551 MemoryDeluge the Covert (level 11, 0/56 HPs)
             Began as a Spriggan Enchanter on Feb 10, 2024.
             Was a Priest of Ru.
             Killed from afar by Harold (16 damage)
             ... with a harpoon shot
             ... on level 1 of the Lair of Beasts.
             The game lasted 00:19:56 (11797 turns).

MemoryDeluge the Covert (Spriggan Enchanter)       Turns: 11797, Time: 00:19:57

Health: 0/56       AC:  6    Str:  4    XL:     11   Next: 37%
Magic:  18/30      EV: 24    Int: 17    God:    Ru [***...]
Gold:   610        SH:  5    Dex: 20    Spells: 17/22 levels left

rFire   . . .        g - +2 dagger (drain)
rCold   . . .        h - +0 buckler
rNeg    . . .        K - +0 steam dragon scales
rPois   +            (helmet restricted)
rElec   .            H - +0 cloak
rCorr   .            (gloves unavailable)
SInv    +            (boots unavailable)
Will    +....        (no amulet)
Stlth   ++++++       C - ring of poison resistance
HPRegen 0.29/turn    e - ring of magical power
MPRegen 0.22/turn

%: no passive effects
@: very quick
A: very small, no large weapons, unfitting armour, see invisible, speed 3, hated
by all, no fire magic, no necromancy magic, no alchemy magic
a: Renounce Religion, Draw Out Power


You were on level 1 of the Lair of Beasts.
You worshipped Ru.
Ru was most pleased with you.
You visited 3 branches of the dungeon, and saw 12 of its levels.
You also visited: Bailey.

You collected 610 gold pieces.

Inventory:

Hand Weapons
 a - a +1 dagger
 g - a +2 dagger of draining (weapon)
 B - a +4 scimitar of flaming
Missiles
 A - 7 curare-tipped darts
 I - a throwing net
Armour
 b - a +1 robe
 h - a +0 buckler (worn)
 H - a +0 cloak (worn)
 K - +0 steam dragon scales (worn)
Jewellery
 e - a ring of magical power (right hand)
 t - a ring of protection from fire
 C - a ring of poison resistance (left hand)
 F - a ring of wizardry
 J - a ring of resist corrosion
Wands
 i - a wand of roots (7)
 v - a wand of digging (5)
 x - a wand of flame (41)
 y - a wand of polymorph (6)
 G - a wand of paralysis (6)
Scrolls
 f - a scroll of immolation
 j - a scroll of amnesia
 k - 4 scrolls of enchant armour
 l - 3 scrolls of revelation {@r5}
 n - a scroll of noise
 p - 8 scrolls of teleportation {@r3}
 q - a scroll of brand weapon
 s - a scroll of blinking {@r4}
 w - a scroll of vulnerability {!r}
 R - a scroll of silence {!r}
 S - a scroll of fog {@r2}
 T - 2 scrolls of identify {@r1}
Potions
 c - 3 potions of invisibility
 d - 8 potions of heal wounds {@q1}
 m - 9 potions of curing {@q2}
 o - 2 potions of resistance {unknown}
 r - a potion of enlightenment {unknown}
 u - 4 potions of lignification {unknown}
 z - a potion of ambrosia {unknown}
 D - a potion of berserk rage {unknown}
 E - a potion of attraction {unknown}
 L - 4 potions of mutation
 M - 3 potions of haste {unknown}
 N - 3 potions of might {unknown}
 O - 6 potions of brilliance {unknown}
 P - a potion of cancellation {unknown}
 Q - 2 potions of magic {unknown}


   Skills:
 - Level 6.0 Fighting
 + Level 9.4 Short Blades
 + Level 10.0 Dodging
 + Level 13.7 Stealth
 - Level 6.0 Spellcasting
 + Level 9.7 Hexes


You had 17 spell levels left.
You knew the following spells:

 Your Spells              Type           Power      Damage    Failure   Level
c - Confusing Touch       Hex            38%        N/A       1%          3
e - Ensorcelled Hibernat  Hex/Ice        42%        N/A       5%          2

Your spell library contained the following spells:

 Spells                   Type           Power      Damage    Failure   Level
 Jinxbite                 Hex            76%        N/A       1%          2
 Dazzling Flash           Conj/Hex       42%        N/A       11%         3
 Apportation              Tloc           10%        N/A       26%         1
 Shock                    Conj/Air       20%        1d4       26%         1
 Swiftness                Air            5%         N/A       61%         3
 Airstrike                Air            2%         2d(1-17)  95%         4
 Ozocubu's Refrigeration  Ice            2%         4d8       100%        7
 Tukima's Dance           Hex            Unusable   N/A       N/A         3
 Anguish                  Hex/Necr       Unusable   N/A       N/A         4
 Martyr's Knell           Necr/Summ      Unusable   N/A       N/A         4
 Alistair's Intoxication  Alch           Unusable   N/A       N/A         5

Dungeon Overview and Level Annotations

Branches:
Dungeon (10/15)            Temple (1/1) D:4            Lair (1/5) D:9
    Orc (0/2) D:10         Bailey (visited)

Altars:
Ashenzari
Cheibriados
Dithmenos
Elyvilon
Gozag
Kikubaaqudgha
Makhleb
Nemelex Xobeh
Okawaru
Qazlal
Ru
Sif Muna
Trog
Uskayaw
Vehumet
Wu Jian
Xom
Zin
The Shining One

Shops:
D:4 (:=[   D:6 (

Annotations:
D:4 2 transporters, bmj180's ghost, amateur HuCj
Lair:1 Harold


Innate Abilities, Weirdness & Mutations

You are very small and have problems with some larger weapons.
You are too small for most types of armour.
You have supernaturally acute eyesight. (SInv)
You cover ground extremely quickly. (Speed+++)
You are hated by all.
You cannot study or cast Fire magic.
You cannot study or cast Necromancy magic.
You cannot study or cast Alchemy magic.


Message History

You hit the komodo dragon but do no damage.
You drain the komodo dragon.
The komodo dragon is lightly wounded.
The komodo dragon closely misses you.
The komodo dragon looks drowsy...
Harold zaps a wand.
You resist with almost no effort.
The helpless komodo dragon fails to defend itself.
You spit the komodo dragon like a pig!!!!
You kill the komodo dragon!
Your Dodging skill increases to level 10!
Harold resists with almost no effort.
Harold gestures at you while chanting.
You barely resist.
Harold resists with almost no effort.
Harold throws a throwing net.
The throwing net hits you.
You become entangled in the net!
Unknown command.
Harold resists with almost no effort.
Harold begins to cast a spell, but is stunned by your conviction!
You struggle against the net.
Harold hits you from afar with a +0 halberd!!
You struggle against the net.
Harold hits you from afar with a +0 halberd!
You shred the net and break free!
Harold hits you from afar with a +0 halberd!
Unknown command.
Casting: Ensorcelled Hibernation (safe; 5% risk of failure)
Confirm with . or Enter, or press ? or * to list all spells.
Aiming: Ensorcelled Hibernation (safe; 5% risk of failure)
Press: ? - help, Shift-Dir - straight line, f/p - Harold
Aim: Harold, wielding a +0 halberd, wearing a +4 scale mail of poison resistance and carrying a wand of paralysis (chance to affect: 21%) Harold resists with almost no effort.
Harold hits you from afar with a +0 halberd.
* * * LOW HITPOINT WARNING * * *
Harold attacks as he pursues you! Harold barely misses you.
There is an open door here.
Harold fires a harpoon shot at you. The harpoon shot hits you!
You die...
Harold sighs, "Finally, I can get that fishing boat and settle down."
Ru respects your ultimate sacrifice.

###...#.......# #
###..'.......# ####......##
##+P#### ..# #####+####
####+### #.........
#......# #.........
#######......#####.........
#.##.##......#..@'..@....>.
...††........##.##.........
####.†'.........##..†......
####......#.P##.........
#......#.###.........
#........# #.........
#......P.# ..........
#......### ..........
######## #######.###


You could see Harold.

Vanquished Creatures
  Erica (D:8)
  A two-headed ogre (D:9)
  Sonja (D:10)
  An orc knight (Bailey)
  Maurice (D:9)
  2 cane toads (Lair:1)
  A komodo dragon (Lair:1)
  An unseen horror (D:10)
  2 trolls
  A polar bear (Lair:1)
  A hornet (D:10)
  4 blink frogs (Lair:1)
  Sigmund (D:3)
  6 yaks
  2 steam dragons
  2 vampire mosquitoes (D:10)
  3 water moccasins
  10 orc warriors
  2 black bears (D:6)
  An ice beast (D:6)
  A centaur (D:6)
  A phantom (D:5)
  4 kobold brigands
  2 bullfrogs
  2 gnoll sergeants
  2 wights (D:8)
  6 killer bees (D:6)
  A centaur zombie (D:5)
  2 bombardier beetles
  A jelly (D:8)
  7 orc priests
  A hound (D:5)
  A gnoll bouda (D:6)
  A sleepcap (D:6)
  Terence (D:3)
  3 iguanas
  A scorpion zombie (D:5)
  Natasha (D:3)
  7 orc wizards
  A hound zombie (D:5)
  A hound skeleton (D:5)
  23 gnolls
  3 adders
  A white imp (D:6)
  4 ufetubi
  An adder zombie (D:5)
  A ribbon worm (D:4)
  5 dart slugs
  64 orcs
  7 endoplasms
  5 giant cockroaches
  4 quokkas
  5 ball pythons
  8 bats
  9 goblins
  29 kobolds
  A rat (D:1)
261 creatures vanquished.

Vanquished Creatures (others)
  A wight (D:8)
  A kobold (D:9)
2 creatures vanquished.

Grand Total: 263 creatures vanquished

Notes
Turn   | Place    | Note
-------+----------+-------------------------------------------
     0 | D:1      | MemoryDeluge the Spriggan Enchanter began the quest for the
                  | Orb.
     0 | D:1      | Reached XP level 1. HP: 9/9 MP: 5/5
   350 | D:1      | Got Sif Muna's Papyrus of Frigorific Iniquitous Rites
   359 | D:1      | Reached XP level 2. HP: 13/13 MP: 6/6
   775 | D:1      | Learned a level 2 spell: Ensorcelled Hibernation
   967 | D:2      | Reached skill level 5 in Stealth
  1075 | D:2      | Reached XP level 3. HP: 10/16 MP: 1/8
  1855 | D:2      | Learned a level 3 spell: Confusing Touch
  1898 | D:3      | Noticed Terence
  1904 | D:3      | Killed Terence
  1905 | D:3      | Reached XP level 4. HP: 21/21 MP: 8/10
  2053 | D:3      | Noticed Sigmund
  2070 | D:3      | Killed Sigmund
  2071 | D:3      | Reached skill level 6 in Stealth
  2071 | D:3      | Reached skill level 5 in Hexes
  2071 | D:3      | Reached XP level 5. HP: 24/24 MP: 4/12
  2425 | D:3      | Noticed Natasha
  2431 | D:3      | Killed Natasha
  2432 | D:3      | Reached XP level 6. HP: 28/28 MP: 13/13
  2560 | D:3      | Found a shimmering altar of Xom.
  2739 | D:4      | Found a transporter.
  2792 | D:4      | Noticed bmj180's ghost (amateur HuCj)
  2831 | D:4      | Found a transporter.
  3097 | D:4      | Found Karahozi's Armour Shop.
  3148 | D:4      | Found Doduwkob's Jewellery Shoppe.
  3152 | D:4      | Found Kepp's Book Shop.
  3175 | D:4      | Found Afiera's Weapon Boutique.
  3177 | D:4      | Found a blossoming altar of Fedhas.
  3199 | D:4      | Found a hazy altar of Hepliaklqana.
  3199 | D:4      | Found a radiant altar of Vehumet.
  3288 | D:4      | Found a staircase to the Ecumenical Temple.
  3331 | Temple   | Entered the Ecumenical Temple
  3346 | Temple   | Became a worshipper of Ru the Awakened
  3395 | D:5      | Entered Level 5 of the Dungeon
  3525 | D:5      | Reached skill level 7 in Stealth
  3782 | D:5      | Noticed a water moccasin
  3787 | D:5      | Killed a water moccasin
  3788 | D:5      | Reached XP level 7. HP: 32/32 MP: 14/14
  3852 | D:5      | Reached skill level 8 in Stealth
  4363 | D:6      | Reached skill level 5 in Short Blades
  4717 | D:6      | Reached skill level 1 in Fighting
  4717 | D:6      | Reached XP level 8. HP: 37/37 MP: 12/15
  4768 | D:6      | Found Vuh Tapp's Antique Weapon Shoppe.
  4809 | D:6      | Reached skill level 5 in Dodging
  4927 | D:6      | Found a shimmering blue altar of Sif Muna.
  5729 | D:6      | Found an iron altar of Okawaru.
  5797 | D:6      | Found a snail-covered altar of Cheibriados.
  6174 | D:7      | Reached XP level 9. HP: 44/44 MP: 9/16
  6318 | D:7      | Identified the +2 ring mail of Limited Liability {+Inv
                  | rPois Str+4 Dex-4}
  6640 | D:7      | Reached skill level 9 in Stealth
  7315 | D:8      | Gained mutation: You are hated by all. [Ru sacrifice]
  7315 | D:8      | Reached * piety under Ru
  7315 | D:8      | Reached ** piety under Ru
  7316 | D:8      | Noticed Erica
  7337 | D:8      | Killed Erica
  7338 | D:8      | Reached skill level 11 in Stealth
  8356 | D:9      | Reached skill level 12 in Stealth
  8525 | D:9      | Found a staircase to the Lair.
  8559 | D:9      | Reached skill level 5 in Spellcasting
  8559 | D:9      | Reached XP level 10. HP: 14/49 MP: 14/18
  8856 | D:9      | Noticed Maurice
  8865 | D:9      | Maurice stole a ring of resist corrosion
  8866 | D:9      | Maurice stole a +4 scimitar of flaming
  8869 | D:9      | Killed Maurice
  9088 | D:9      | Found a hide-covered altar of Uskayaw.
  9376 | D:9      | Noticed a two-headed ogre
  9380 | D:9      | Killed a two-headed ogre
  9381 | D:9      | Reached skill level 5 in Fighting
  9394 | D:10     | Entered Level 10 of the Dungeon
  9399 | D:10     | Found a flagged portal.
  9399 | D:10     | Noticed Sonja
  9413 | D:10     | Killed Sonja
  9444 | Bailey   | Entered a bailey
  9579 | Bailey   | Noticed an orc knight
  9600 | Bailey   | Killed an orc knight
  9911 | D:10     | Found a burning altar of Makhleb.
 10260 | D:10     | Gained mutation: You cannot study or cast Fire magic. [Ru
                  | sacrifice]
 10260 | D:10     | Gained mutation: You cannot study or cast Alchemy magic.
                  | [Ru sacrifice]
 10260 | D:10     | Gained mutation: You cannot study or cast Necromancy magic.
                  | [Ru sacrifice]
 10260 | D:10     | Reached *** piety under Ru
 10471 | D:10     | Found a staircase to the Orcish Mines.
 11093 | D:10     | Reached skill level 13 in Stealth
 11093 | D:10     | Reached XP level 11. HP: 41/56 MP: 21/21
 11410 | Lair:1   | Entered Level 1 of the Lair of Beasts
 11781 | Lair:1   | Noticed Harold
 11788 | Lair:1   | Reached skill level 10 in Dodging
 11797 | Lair:1   | Killed from afar by Harold

Illustrated notes

Levels and vault maps discovered:
D:1:      psy_arrival_spokes, layout_basic, serial_forest,
          infiniplex_forest_diagonal, infiniplex_forest_lined_room_2,
          infiniplex_forest_straight_2, infiniplex_forest_lined_3_way,
          infiniplex_forest_clump_cross, infiniplex_forest_lined_corner
D:2:      layout_loops_corners, serial_forest, infiniplex_forest_corner_1,
          infiniplex_forest_fountain, infiniplex_forest_clump_double,
          infiniplex_forest_end_2, infiniplex_forest_clump_long,
          infiniplex_forest_clump_small
D:3:      layout_loops_cross, general_overflow_altar, kennysheep_generic_room_4,
          uniq_natasha, uniq_terence, uniq_sigmund
D:4:      layout_basic, grunt_temple_overflow_open, temple_hall,
          gammafunk_ghost_arena, serial_shops, nicolae_shop_rolling_square,
          shop, nicolae_shop_stone, shop
D:5:      layout_loops_ring, serial_undead, serial_undead_f, serial_undead_e,
          serial_undead_b, serial_undead_b, chequers_big_river
D:6:      layout_basic, mainiacjoe_overflow_small_starburst, slow_altar_2,
          mainiacjoe_overflow_24_doors, serial_shops, shop, lightli_orcish_oven
D:7:      layout_loops_corners, minmay_crystal_room
D:8:      layout_loops_ring, uniq_erica
D:9:      layout_roguey, nicolae_uskayaw_dance_hall, dpeg_oklobed_lair,
          uniq_maurice
D:10:     layout_stronghold, mainiacjoe_overflow_six_doors_small, david_orc_5,
          enter_bailey_3, minmay_circle_x, uniq_sonja
Temple:   cyrus_circular_temple
Lair:1:   layout_roguey, chequers_serial_rivers_micro_a, uniq_harold

Skill      XL: |  1  2  3  4  5  6  7  8  9 10 11 |
---------------+----------------------------------+-----
Spellcasting   | 3 4 5 6 |  6.0
Hexes          | 4 5 6 8 9 |  9.7
Stealth        | 5 6 7 8 12 13 | 13.7
Short Blades   | 2 3 4 5 8 9 |  9.4
Dodging        | 3 8 9 10 | 10.0
Fighting       | 1 3 6 |  6.0

Action                     |  1- 3 |  4- 6 |  7- 9 | 10-12 || total
---------------------------+-------+-------+-------+-------++-------
  Melee: Dagger            |    76 |   107 |   269 |   184 ||   636
         Punch             |     2 |     7 |     6 |       ||    15
   Cast: Ensorcelled Hiber |     2 |    10 |    87 |    76 ||   175
         Confusing Touch   |       |     4 |    11 |     7 ||    22
 Invoke: Reject Sacrifices |       |       |     1 |       ||     1
         Sacrifice Love    |       |       |     1 |       ||     1
         Sacrifice Arcana  |       |       |       |     1 ||     1
    Use: Scroll            |       |       |    12 |     2 ||    14
   Stab: Sleeping          |    12 |    14 |    66 |    52 ||   144
         Confused          |       |     2 |     8 |     8 ||    18
         Distracted        |       |       |     1 |       ||     1
         Invisible         |       |       |     1 |       ||     1
 Armour: Robe              |    25 |    28 |   112 |     6 ||   171
         Steam dragon scal |       |       |       |    50 ||    50
  Dodge: Dodged            |    44 |    70 |   268 |   178 ||   560
  Block: Buckler           |       |       |    35 |    42 ||    77

Table legend: (Time is in decaauts)
 A = Elapsed time spent in this place.
 B = Non-inter-level travel time spent in this place.
 C = Inter-level travel time spent in this place.
 D = Time resting spent in this place.
 E = Time spent auto-exploring this place.
 F = Levels seen in this place.
 G = Mean time per level.
                   A        B        C        D        E       F      G
               +--------+--------+--------+--------+--------+-----+--------+
         Total |   8725 |   8439 |    286 |   1613 |   5375 |  13 |  671.2 |
       Dungeon |   8066 |   7797 |    269 |   1410 |   5097 |  10 |  806.6 |
        Temple |     17 |      1 |     16 |      0 |      0 |   1 |   17.0 |
          Lair |    308 |    308 |      0 |    116 |    112 |   1 |  308.0 |
        Bailey |    333 |    333 |      0 |     87 |    165 |   1 |  333.0 |
               +--------+--------+--------+--------+--------+-----+--------+

Top non-repeatable levels by time:
     D:9: 1169 daAuts
    D:10: 1050 daAuts
     D:5: 1033 daAuts
     D:6: 1023 daAuts
     D:7: 886 daAuts
     D:2: 688 daAuts
     D:8: 638 daAuts
     D:4: 530 daAuts
     D:1: 527 daAuts
     D:3: 517 daAuts
  Bailey: 333 daAuts
  Lair:1: 308 daAuts
  Temple: 17 daAuts
